Map: Rhoskallian LE

Players

Massa - Winner!

  • Race: Terran Terran
  • League: Gold
  • Spawn Location: 12:00

qqq - Winner!

  • Race: Protoss Protoss
  • Spawn Location: 11:00

Гераклион

  • Race: Zerg Zerg
  • League: Diamond
  • Spawn Location: 5:00

Several

  • Race: Protoss Protoss
  • League: Diamond
  • Spawn Location: 6:00

VOD

Have the link to the VOD?

Description

Time

  • Played on: July 1, 2020, 6:45 a.m.
  • Length: 12:00
Show
View Real Time Build Order
Export as new Build Order

Massa Terran - Winner!

Build Orders:  

Get SALT Encoding   

  12  0:04  SCV  
  13  0:19  SCV  
  13  0:20  Supply Depot  
  14  0:31  SCV  
  15  0:43  SCV  
  15  0:44  Barracks  
  16  0:55  SCV  
  17  1:08  SCV  
  18  1:18  Refinery  
  18  1:20  SCV  
  19  1:32  SCV, Marine  
  20  1:33  Barracks  
  21  1:45  Barracks  
  21  1:50  Barracks, Marine  
  22  2:05  SCV  
  23  2:34  Supply Depot  
  23  2:37  Supply Depot  
  23  2:40  Supply Depot  
  23  2:43  Orbital Command  
  23  2:56  Marine x4  
  27  3:14  Marine x4  
  31  3:31  Marine x3  
  34  3:36  Factory  
  34  3:39  Command Center  
  34  3:41  Marine  
  35  3:49  Marine  
  36  3:56  Barracks Tech Lab  
  36  3:57  Barracks Reactor  
  36  3:58  Marine  
  36  4:01  SCV  
  38  4:07  Marine  
  39  4:13  SCV  
  39  4:16  Marine  
  37  4:33  Marauder  
  37  4:35  Barracks Tech Lab  
  37  4:36  Marine x3  
  42  4:39  SCV  
  43  4:51  SCV  
  43  4:52  SCV  
  45  4:54  Marauder  
  45  4:59  Factory Tech Lab  
  47  5:03  SCV  
  47  5:04  SCV  
  47  5:07  Marauder, Marine x3  
  50  5:16  Marauder  
  51  5:30  Siege Tank  
  51  5:34  Refinery x2, Orbital Command  
  51  5:35  SCV  
  55  5:37  Marauder  
  55  5:39  Barracks Tech Lab  
  57  5:42  Marine  
  57  5:47  SCV  
  57  5:49  Marauder  
  61  5:57  Bunker  
  61  5:58  Marine  
  62  6:14  Supply Depot  
  62  6:17  Supply Depot  
  62  6:35  SCV x2, Marine, Siege Tank  
  62  6:36  Marauder  
  62  6:39  Marine, Supply Depot  
  71  6:40  Concussive Shells  
  71  6:41  Supply Depot  
  71  6:45  Stimpack  
  71  6:47  SCV x2  
  73  6:59  Bunker  
  73  7:00  SCV x2  
  72  7:12  SCV x2  
  72  7:24  SCV x2  
  72  7:27  Marauder x3  
  72  7:28  Marine x2  
  82  7:36  SCV  
  82  7:48  Marauder x3  
  86  7:54  Marine  
  87  8:09  Marauder  
  87  8:10  Marauder x2  
  93  8:15  Command Center  
  93  8:38  Supply Depot  
  93  8:40  Supply Depot  
  93  9:00  Marauder x3  
  99  9:03  Supply Depot  
  99  9:04  Supply Depot  
  95  9:17  Marine  
  95  9:18  Marine  
  95  9:22  Marauder x3  
  99  9:27  Supply Depot  
  95  9:33  Starport  
  95  9:35  Marine  
  95  9:37  Siege Tank  
  99  9:38  Marine  
  99  9:41  SCV x2  
  99  9:43  Marauder x3  
  109  9:46  Orbital Command  
  109  9:50  Supply Depot  
  108  9:53  SCV x2, Marine  
  108  9:56  Engineering Bay, Marine  
  112  10:04  Marauder  
  112  10:05  SCV x2, Marauder x2  
  120  10:09  Siege Tank  
  120  10:11  Marine  
  124  10:14  Marine  
  124  10:16  Supply Depot  
  125  10:26  Marauder x3, Combat Shield  
  131  10:29  Marine  
  131  10:32  Marine  
  131  10:33  Engineering Bay  
  131  10:35  Armory  
  133  10:36  Medivac  
  135  10:43  SCV  
  135  10:44  SCV x2  
  135  10:47  Marauder x3  
  135  10:49  Command Center  
  144  10:56  SCV x3  
  147  11:01  Marine x2  
  149  11:06  Medivac  
  149  11:08  SCV x3  
  149  11:09  Marauder x3  
  160  11:18  Marine  
  160  11:20  SCV x3  
  147  11:30  Marauder x2  
  147  11:32  SCV x3  
Show
View Real Time Build Order
Export as new Build Order

qqq Protoss - Winner!

Build Orders:  

Get SALT Encoding   

  12  0:02  Probe  
  13  0:14  Pylon  
  13  0:21  Probe  
  14  0:29  Pylon  
  14  0:40  Probe  
  15  0:48  Gateway  
  15  0:55  Pylon  
  15  1:06  Forge  
  15  1:10  Probe  
  16  1:22  Probe  
  17  1:28  Pylon  
  17  1:37  Pylon  
  17  1:50  Photon Cannon  
  17  1:58  Photon Cannon  
  17  2:02  Photon Cannon  
  17  2:17  Cybernetics Core  
  17  2:20  Assimilator  
  17  2:25  Assimilator  
  17  2:27  Probe  
  18  2:39  Probe  
  19  2:51  Probe  
  20  3:03  Probe  
  21  3:16  Probe  
  22  3:28  Probe, Photon Cannon  
  23  3:35  Stargate  
  23  3:46  Nexus  
  23  3:56  Stargate  
  23  4:20  Protoss Air Weapons Level 1  
  23  4:23  Phoenix  
  25  4:33  Phoenix  
  27  4:55  Phoenix  
  29  5:07  Shield Battery  
  29  5:28  Phoenix  
  30  5:48  Phoenix  
  32  5:52  Nexus  
  32  5:53  Pylon  
  32  5:56  Probe, Pylon  
  33  6:08  Probe  
  34  6:16  Phoenix  
  36  6:20  Probe  
  37  6:27  Phoenix  
  37  6:32  Probe  
  40  6:44  Probe, Phoenix  
  43  6:56  Probe, Phoenix  
  46  7:08  Probe  
  43  7:20  Probe  
  38  7:41  Phoenix x2  
  40  7:44  Probe  
  41  7:55  Probe, Assimilator  
  42  7:59  Assimilator  
  42  8:03  Probe  
  42  8:08  Probe  
  42  8:11  Probe  
  42  8:12  Photon Cannon  
  44  8:16  Photon Cannon  
  44  8:19  Photon Cannon  
  45  8:20  Probe  
  45  8:21  Assimilator  
  45  8:23  Probe  
  45  8:24  Phoenix  
  45  8:26  Assimilator  
  49  8:29  Phoenix  
  49  8:33  Probe  
  52  8:35  Probe  
  53  8:45  Probe  
  54  8:49  Phoenix  
  54  8:50  Probe  
  54  8:54  Phoenix  
  59  8:57  Probe  
  59  9:02  Probe  
  59  9:09  Probe  
  54  9:25  Phoenix x2  
  56  9:46  Fleet Beacon  
  56  9:47  Probe  
  56  9:50  Phoenix x2  
  61  9:59  Probe  
  62  10:11  Probe  
  63  10:15  Phoenix x2  
  67  10:23  Probe  
  68  10:30  Stargate  
  68  10:31  Pylon  
  68  10:33  Stargate  
  69  10:35  Probe, Pylon  
  69  10:38  Pylon  
  69  10:40  Phoenix x2  
  73  10:47  Probe  
  74  10:59  Probe  
  75  11:05  Phoenix x2  
  79  11:12  Probe  
  80  11:24  Probe  
Show
View Real Time Build Order
Export as new Build Order

Гераклион Zerg 

Build Orders: Hatch First, Ravager All-In 

Get SALT Encoding   

  12  0:01  Drone  
  13  0:13  Overlord  
  13  0:18  Drone  
  14  0:31  Drone x2  
  16  0:55  Drone  
  17  0:57  Hatchery  
  17  0:58  Drone  
  17  1:02  Drone  
  18  1:12  Extractor  
  17  1:20  Spawning Pool  
  17  1:22  Drone  
  17  1:26  Drone  
  17  1:30  Drone  
  19  1:42  Overlord  
  20  2:11  Queen  
  20  2:12  Extractor  
  21  2:16  Drone x3  
  21  2:17  Roach Warren  
  23  2:43  Extractor, Drone  
  23  2:44  Drone  
  25  3:03  Overlord  
  25  3:04  Overlord  
  24  3:16  Overlord  
  24  3:24  Roach x4  
  32  3:32  Hatchery  
  31  3:37  Overlord  
  31  3:49  Ravager x4  
  31  3:53  Roach x4  
  41  4:30  Roach x3  
  47  4:43  Roach  
  49  4:47  Roach  
  51  4:55  Ravager  
  51  4:56  Ravager x2  
  50  5:36  Hatchery  
  49  5:53  Roach x3  
  49  5:54  Roach x2  
  59  5:58  Overlord  
  59  6:06  Hatchery  
  58  6:14  Drone x2  
  60  6:32  Roach x4  
  68  6:43  Overlord x2  
  68  6:49  Drone  
  68  6:50  Drone  
  44  7:16  Roach x4  
  39  7:24  Zergling x6  
  42  7:33  Drone  
  42  7:34  Drone x2  
  45  7:47  Zergling x8  
  41  7:52  Ravager x4  
  41  7:54  Zergling x2  
  46  7:59  Metabolic Boost  
  46  8:04  Zergling x2  
  46  8:05  Zergling x2  
  48  8:09  Drone  
  48  8:11  Drone  
  50  8:17  Drone x2  
  50  8:19  Drone  
  53  8:21  Drone  
  53  8:25  Drone  
  53  8:26  Drone  
  56  8:32  Drone x2  
  58  8:47  Drone x5  
  58  8:48  Drone  
  64  8:50  Drone  
  65  8:56  Spore Crawler  
  59  9:10  Roach x4  
  59  9:16  Zergling x10  
  66  9:22  Zergling x2  
  66  9:23  Zergling x4  
  66  9:28  Zergling x2  
  66  9:29  Zergling x6  
  70  9:38  Drone  
  70  9:39  Drone x3  
  74  9:59  Extractor x2  
  72  10:00  Drone x4, Hatchery, Spore Crawler  
  72  10:01  Drone x2  
  72  10:02  Drone x2  
  72  10:07  Lair  
  78  10:15  Baneling Nest  
  78  10:18  Drone x2  
  78  10:20  Evolution Chamber  
  78  10:21  Evolution Chamber  
  77  10:25  Drone x3  
  80  10:31  Roach x4  
  88  10:42  Extractor, Drone  
  88  10:43  Extractor  
  88  10:44  Overlord  
  88  10:45  Overlord x3  
  87  10:58  Spore Crawler  
  87  11:02  Drone  
  87  11:09  Baneling x5  
  87  11:10  Baneling x2  
  87  11:12  Zergling x14  
  87  11:13  Zergling x8  
  99  11:18  Zergling x2  
  88  11:28  Zergling x10  
  63  11:34  Zergling x6  
Show
View Real Time Build Order
Export as new Build Order

Several Protoss 

Build Orders: Nexus First 

Get SALT Encoding   

  12  0:02  Probe  
  13  0:14  Probe  
  14  0:23  Pylon  
  14  0:26  Probe  
  15  0:41  Probe  
  16  0:53  Probe  
  17  1:02  Nexus  
  17  1:05  Probe  
  18  1:16  Gateway  
  18  1:22  Probe  
  19  1:26  Assimilator  
  19  1:34  Probe  
  20  1:56  Probe, Forge  
  20  2:00  Assimilator  
  21  2:03  Cybernetics Core  
  21  2:06  Probe  
  21  2:08  Pylon  
  22  2:12  Protoss Shields Level 1  
  22  2:13  Pylon  
  22  2:14  Probe  
  22  2:19  Gateway  
  23  2:22  Probe  
  24  2:31  Photon Cannon  
  24  2:59  Photon Cannon  
  24  3:02  Robotics Facility  
  24  3:18  Stalker x2  
  28  3:28  Photon Cannon  
  28  3:31  Warp Gate  
  28  3:38  Pylon  
  28  3:44  Pylon  
  28  3:53  Pylon  
  28  3:59  Immortal  
  32  4:28  Shield Battery  
  32  4:30  Shield Battery  
  32  4:34  Stalker x2  
  36  4:41  Immortal  
  40  5:02  Photon Cannon  
  40  5:29  Stalker x2  
  44  5:49  Nexus  
  44  5:53  Stalker x2  
  44  5:56  Warp Prism  
  50  6:47  Pylon  
  50  6:54  Gateway  
  50  6:57  Gateway, Stalker x2  
  34  7:44  Probe x2  
  36  7:51  Stalker x2  
  36  7:54  Assimilator  
  36  7:56  Probe x2  
  42  7:58  Assimilator  
  42  8:02  Observer, Pylon  
  42  8:04  Pylon  
  43  8:08  Probe x2  
  45  8:13  Protoss Ground Weapons Level 1  
  45  8:20  Probe  
  46  8:28  Zealot x3  
  46  8:29  Zealot  
  53  8:51  Probe  
  53  8:54  Photon Cannon  
  54  8:56  Photon Cannon  
  54  8:58  Photon Cannon  
  52  9:30  Probe  
  53  9:31  Probe  
  53  9:32  Twilight Council  
  54  9:38  Gateway x2  
  54  9:42  Probe  
  54  9:43  Probe  
  56  9:48  Forge  
  56  9:50  Forge  
  56  9:55  Probe x2  
  58  10:10  Photon Cannon  
  58  10:11  Gateway, Twilight Council, Stalker  
  60  10:14  Stalker  
  60  10:20  Pylon  
  62  10:54  Photon Cannon  
  62  11:14  Stalker x3  
  62  11:15  Stalker  
  59  11:33  Stalker x3  
Tags
 
Add a new tag
Caveats
  • Supply blocks, unpowered buildings, or Contaminate may cause inaccurate times.
  • Supply counts are checked every 10 seconds.